Map: Abiogenesis LE

Players

Blussion - Winner!

  • Race: Terran Terran
  • Spawn Location: 11:00

Infamous

  • Race: Protoss Protoss
  • League: Gold
  • Spawn Location: 5:00

VOD

Have the link to the VOD?

Description

Time

  • Played on: April 11, 2018, 12:26 p.m.
  • Length: 5:52
Show
View Real Time Build Order
Export as new Build Order

Blussion Terran - Winner!

Build Orders:  

Get SALT Encoding   

  12  0:01  SCV  
  13  0:13  SCV  
  14  0:18  Supply Depot  
  14  0:25  SCV  
  15  0:29  Refinery  
  15  0:40  SCV  
  16  0:48  Barracks  
  16  0:54  SCV  
  17  1:05  Refinery  
  17  1:06  SCV  
  18  1:20  SCV  
  20  1:32  SCV  
  20  1:42  Supply Depot  
  20  1:43  Marine  
  20  1:45  SCV  
  22  1:53  Factory  
  22  1:57  SCV  
  23  2:04  Barracks Tech Lab  
  23  2:08  Barracks  
  23  2:16  Orbital Command  
  23  2:25  Marauder  
  25  2:39  Factory Tech Lab  
  25  2:42  SCV  
  26  2:47  Supply Depot  
  26  2:50  Marauder  
  28  2:54  SCV  
  29  2:59  Barracks Reactor  
  29  3:07  SCV  
  29  3:08  Siege Tank  
  33  3:15  Marauder  
  33  3:19  SCV  
  36  3:22  Supply Depot  
  36  3:28  Starport  
  36  3:31  SCV  
  37  3:38  Marauder  
  39  3:43  SCV  
  39  3:45  Siege Tank  
  39  3:46  Marine  
  43  3:55  SCV  
  44  3:57  Supply Depot  
  44  4:04  Marine, Marauder  
  47  4:15  Supply Depot  
  47  4:19  Marine, SCV  
  47  4:22  Marine  
  50  4:25  Marauder  
  52  4:31  SCV  
  52  4:33  Medivac  
  52  4:37  Marine  
  56  4:39  Marine  
  56  4:44  Siege Tank  
  60  4:50  SCV  
  61  4:54  Supply Depot, Marine  
  61  4:57  Marine  
  61  4:59  Supply Depot  
  63  5:15  Marine x2, Medivac, SCV  
  68  5:24  Marine  
  68  5:28  SCV  
  67  5:33  Marine x2  
Show
View Real Time Build Order
Export as new Build Order

Infamous Protoss 

Build Orders:  

Get SALT Encoding   

  12  0:01  Probe  
  13  0:17  Pylon  
  13  0:18  Probe (Chrono Boost)  
  14  0:28  Probe (Chrono Boost)  
  15  0:37  Gateway  
  15  0:40  Probe  
  16  0:52  Probe  
  17  0:57  Assimilator  
  17  1:04  Probe  
  17  1:07  Gateway  
  18  1:21  Probe  
  18  1:23  Zealot (Chrono Boost)  
  21  1:29  Cybernetics Core  
  21  1:33  Probe  
  22  1:45  Probe  
  23  2:03  Warp Gate (Chrono Boost)  
  23  2:07  Assimilator  
  23  2:33  Pylon  
  23  2:37  Pylon  
  23  2:51  Probe, Stalker (Chrono Boost)  
  23  2:52  Robotics Facility  
  23  2:54  Zealot (Chrono Boost)  
  28  3:04  Probe  
  29  3:07  Pylon  
  29  3:27  Probe  
  30  3:28  Nexus  
  30  3:31  Pylon  
  30  3:41  Observer  
  31  3:43  Gateway  
  31  3:52  Gateway  
  31  4:05  Immortal  
  35  4:13  Sentry x2  
  39  4:23  Gateway  
  39  4:29  Probe (Chrono Boost)  
  41  4:39  Probe (Chrono Boost)  
  41  4:41  Forge  
  41  4:56  Gateway  
  41  5:04  Probe (Chrono Boost), Shield Battery  
  43  5:09  Probe (Chrono Boost)  
  43  5:13  Immortal  
  47  5:16  Sentry  
Tags
 
League
Gold
Matchup
PvT
Replay Pack
Last Remnant (2)
Spawn Locations
Cross Positions
Add a new tag
Caveats
  • Supply blocks, unpowered buildings, or Contaminate may cause inaccurate times.
  • Supply counts are checked every 10 seconds.